 Dungeon Crawl Stone Soup version 0.17.2-1-ge4368a0 (webtiles) character file.

18478 Goblin1989 the Dealer of Despair (level 12, -1/95 HPs)
             Began as a Demonspawn Necromancer on Dec 10, 2016.
             Was an Elder of Kikubaaqudgha.
             Slain by a fire crab (7 damage)
             ... on level 5 of the Lair of Beasts.
             The game lasted 01:38:57 (15320 turns).

Goblin1989 the Dealer of Despair (DsNe)            Turns: 15320, Time: 01:38:57

Health: -1/95      AC:  6    Str: 14    XL:     12   Next: 28%
Magic:  21/21      EV: 20    Int: 20    God:    Kikubaaqudgha [****..]
Gold:   902        SH: 11    Dex: 22    Spells: 8 memorised, 1 level left

rFire  + . .     SeeInvis .     b - +1 whip (flame)
rCold  . . .     Clarity  +     r - +0 ring mail (curse)
rNeg   . . .     SustAt   .     F - +0 shield
rPois  .         Gourm    .     (helmet restricted)
rElec  .         Spirit   .     i - +0 cloak
rCorr  .         Warding  .     (no gloves)
rMut   .         Stasis   .     E - +0 pair of boots
MR     +....                    p - amulet of clarity
Stlth  +++.......               O - +5 ring of strength
                                f - ring of protection from fire

@: agile, lethally poisoned (-1 -> -5), somewhat resistant to hostile
enchantments, fairly stealthy
A: antennae 1, thin metallic scales 1, agile 1, deformed body, demonic guardian
2, magic resistance 1, powered by pain 2
a: Receive Corpses, Renounce Religion


You were on level 5 of the Lair of Beasts.
You worshipped Kikubaaqudgha.
Kikubaaqudgha was greatly pleased with you.
You were not hungry.

You visited 3 branches of the dungeon, and saw 17 of its levels.

You collected 902 gold pieces.

Inventory:

Hand Weapons
 a - the +2 dagger "Bedorphamu" {flame, rElec rF++ MR+ MP-9}
   (You found it on level 4 of the Dungeon)

   It has been specially enchanted to burn those struck by it, causing extra
   injury to most foes and up to half again as much damage against particularly
   susceptible opponents.
   It greatly protects you from fire.
   It insulates you from electricity.
   It affects your resistance to hostile enchantments.
   It affects your magic capacity (-9).
 b - a +1 whip of flaming (weapon)
 W - a +0 blowgun {@w1}
Missiles
 X - 6 curare-tipped needles
 Z - 2 throwing nets {=f, !d}
Armour
 i - a +0 cloak (worn)
 r - a cursed +0 ring mail (worn)
 A - a +2 large shield of positive energy
 E - a +0 pair of boots (worn)
 F - a +0 shield (worn)
Magical Staves
 w - a staff of death
Jewellery
 f - a ring of protection from fire (left hand)
 l - a ring of ice
 p - an amulet of clarity (around neck)
 y - a +2 ring of slaying
 O - a +5 ring of strength (right hand)
Wands
 v - a wand of fire (0)
 C - a wand of confusion (14)
 G - a wand of draining (4)
 K - a wand of cold (0)
 P - a wand of draining (11)
 U - a wand of random effects (20)
Scrolls
 k - 4 scrolls of enchant armour
 s - a scroll of immolation {!r}
 t - 4 scrolls of noise {!r}
 B - a scroll of blinking
 D - 3 scrolls of amnesia
 J - 2 scrolls of enchant weapon {unknown}
 M - 2 scrolls of magic mapping
 N - 2 scrolls of recharging
 R - a scroll of remove curse {@r2}
 T - 5 scrolls of teleportation {!r, @r4}
Potions
 e - 4 potions of resistance
 g - 5 potions of haste {!q, @q3}
 h - 3 potions of cancellation
 m - 3 potions of might
 n - 3 potions of lignification {!q}
 o - 3 potions of brilliance
 q - a potion of heal wounds {!q, @q2}
 u - 10 potions of curing {@q1}
 x - 3 potions of agility
 z - 2 potions of invisibility
 Y - a potion of flight
Books
 Q - Kikubaaqudgha's Disquisition on Sinister Magic
   (Kikubaaqudgha gifted it to you on level 11 of the Dungeon)

   Spells                             Type                      Level
   a - Animate Dead                   Necromancy                   4
   b - Excruciating Wounds            Charms/Necromancy            5
   c - Cigotuvi's Embrace             Necromancy                   5
   d - Dispel Undead                  Necromancy                   5
   e - Death Channel                  Necromancy                   6
Miscellaneous
 V - a phantom mirror
Comestibles
 c - 7 bread rations {@e1}
 d - 45 fruits
 H - 9 royal jellies
 I - 6 meat rations {@e2}
 L - 4 slices of pizza
 S - 2 beef jerkies


   Skills:
 + Level 9.0 Fighting
 * Level 6.8 Maces & Flails
 + Level 1.4 Armour
 - Level 7.5 Dodging
 - Level 1.7 Stealth
 + Level 6.7 Shields
 - Level 6.0 Spellcasting
 - Level 2.6 Charms
 * Level 11.6 Necromancy
 - Level 3.0 Translocations


You had one spell level left.
You knew the following spells:

 Your Spells              Type           Power        Failure   Level  Hunger
a - Pain                  Necr           ####         1%          1    None
b - Animate Skeleton      Necr           N/A          1%          1    None
c - Death Channel         Necr           ######....   82%         6    #######
o - Apportation           Tloc           ###.......   17%         1    None
E - Animate Dead          Necr           N/A          6%          4    ####...
R - Regeneration          Chrm/Necr      ####......   12%         3    ##.....
U - Control Undead        Necr           ######....   6%          4    ####...
Z - Sublimation of Blood  Necr           ######....   1%          2    None


Dungeon Overview and Level Annotations

Branches:
Dungeon (11/15)            Temple (1/1) D:6            Lair (5/8) D:8
  Swamp (0/4) Lair:3          Orc (0/4) D:11
  Snake: Lair:3-6    Spider: Lair:3-6

Altars:
Ashenzari
Cheibriados
Dithmenos
Elyvilon
Fedhas
Gozag
Kikubaaqudgha
Makhleb
Nemelex Xobeh
Okawaru
Qazlal
Ru
Sif Muna
Trog
Vehumet
Xom
Yredelemnul
Zin
The Shining One

Shops:
D:4 [%=


Innate Abilities, Weirdness & Mutations

You have a pair of small antennae on your head.
You are partially covered in thin metallic scales (AC +2).
A demonic guardian rushes to your aid.
You sometimes gain power by taking damage.
You are agile. (Dex +2)
Armour fits poorly on your strangely shaped body.
You are resistant to hostile enchantments.


Message History

The wolf misses you. x2
Your river rat zombie misses the wolf.
Your soul eater hits the wolf!!
The wolf dies!
Kikubaaqudgha accepts your kill.
The fire crab bites you but does no damage.
The fire crab barely misses you.
The wolf bites your soul eater but does no damage.
You block the wolf's attack.
You take 1 damage, and have 17/95 hp.
You hit the wolf. You burn the wolf.
The wolf is moderately wounded.
You feel sick. You block the wolf's attack. The wolf bites you.
* * * LOW HITPOINT WARNING * * *
The wolf bites your soul eater! The wolf bites you but does no damage.
Your soul eater barely misses the wolf.
The wolf closely misses you. The fire crab bites you.
* * * LOW HITPOINT WARNING * * *
You are engulfed in flames!
You resist.
You die...
Kikubaaqudgha rasps: "You have failed me!
Welcome... death!"

██...........>.....
█........P█........
██............P....
█.█....█.█.....P...
██......█████..P...
█.......█..........
█Z†h..........█....
██3h......P........
█t@h.....██..../...
█..h.....██...%....
██......██....██...
.P....P██P...██...
......███.........
......P███.........
....PP....█.....(..
P.█..P.P.........PPP
█.P...P.......██PP


You could see a fire crab, 4 wolves, a friendly soul eater and a friendly river
rat zombie.

Vanquished Creatures
  A hydra (Lair:4)
  A griffon (Lair:4)
  2 fire drakes
  3 spiny frogs (Lair:3)
  A komodo dragon (Lair:2)
  5 blink frogs
  A slime creature (D:10)
  A hippogriff (Lair:5)
  2 wolves (Lair:1)
  7 water moccasins
  2 soldier ants (D:9)
  3 porcupines
  3 sky beasts
  A black bear (Lair:1)
  6 orc warriors
  7 ogres
  A phantom (D:6)
  6 crocodiles
  2 big kobolds (D:10)
  A brain worm (D:9)
  Blork the orc (D:5)
  13 giant frogs
  3 scorpions
  3 wights (D:6)
  4 crimson imps
  2 centaur zombies (D:10)
  A giant frog zombie (D:5)
  5 hounds
  2 giant frog skeletons
  Crazy Yiuf (D:6)
  5 orc priests
  10 orc wizards
  4 iguanas
  2 hell rats (Lair:4)
  A gnoll shaman (D:8)
  Terence (D:3)
  9 worker ants
  2 hound skeletons
  A worker ant zombie (D:5)
  8 gnolls
  6 adders
  18 river rats
  3 oozes
  An adder skeleton (D:8)
  2 worms
  An adder zombie (D:8)
  3 giant geckos
  38 orcs
  8 goblins
  8 hobgoblins
  8 jackals
  13 kobolds
  4 quokkas
  4 bats
  2 giant cockroaches
  6 giant newts
  A jackal skeleton (D:6)
  7 rats
267 creatures vanquished.

Vanquished Creatures (collateral kills)
  3 hydras
  Sonja (Lair:1)
  A hill giant (D:10)
  Pikel (D:8)
  An ugly thing (D:11)
  A manticore (D:11)
  The ghost of magipi the Carver, a novice DEBe of Trog (D:6)
  A black mamba (Lair:5)
  A centaur zombie (D:10)
  4 spiny frogs
  A gargoyle (D:11)
  2 komodo dragons
  2 two-headed ogres
  10 blink frogs
  3 slime creatures
  A wraith (D:9)
  5 hippogriffs
  Eustachio (D:6)
  A basilisk (Lair:4)
  A hungry ghost (D:8)
  2 wolves
  A steam dragon (Lair:5)
  A water moccasin (Lair:1)
  A sky beast (D:10)
  2 slaves (D:8)
  3 ogres
  An orc warrior (D:10)
  3 black bears
  3 ice beasts
  2 crocodiles
  2 centaurs
  3 giant frogs
  2 scorpions
  A crimson imp (D:5)
  A worker ant (D:6)
  Jessica (D:2)
  7 iguanas
  A hound (D:6)
  A hound skeleton (D:4)
  An adder (D:6)
  A gnoll (D:11)
  5 river rats
  A shadow imp (D:6)
  2 giant geckos (D:5)
  8 orcs
  A ball python (D:2)
  2 giant cockroaches
  A hobgoblin (D:2)
  5 jackals
  A quokka (D:11)
  A bat (D:2)
  A fungus (Lair:4)
  A plant (Lair:4)
111 creatures vanquished.

Vanquished Creatures (others)
  2 slaves (D:8)
  A necrophage (D:8)
  2 iguanas
  A worker ant (D:7)
  An orc (D:7)
  2 fungi (Lair:4)
9 creatures vanquished.

Grand Total: 387 creatures vanquished

Notes
Turn   | Place    | Note
--------------------------------------------------------------
     0 | D:1      | Goblin1989 the Demonspawn Necromancer began the quest for the Orb.
     0 | D:1      | Reached XP level 1. HP: 13/13 MP: 3/3
     2 | D:1      | Learned a level 1 spell: Animate Skeleton
   180 | D:1      | Gained mutation: You are partially covered in thin metallic scales (AC +2). [demonic ancestry]
   180 | D:1      | Reached XP level 2. HP: 19/19 MP: 3/5
   235 | D:1      | Reached skill level 5 in Necromancy
   839 | D:2      | Gained mutation: A weak demonic guardian rushes to your aid. [demonic ancestry]
   839 | D:2      | Reached XP level 3. HP: 20/24 MP: 2/6
   938 | D:2      | Found a faded altar to an unknown god.
   945 | D:2      | Learned a level 3 spell: Regeneration
  1323 | D:2      | Noticed Jessica
  1330 | D:2      | Killed Jessica
  1330 | D:2      | Reached skill level 6 in Necromancy
  1437 | D:1      | Gained mutation: A demonic guardian rushes to your aid. [demonic ancestry]
  1437 | D:1      | Reached XP level 4. HP: 8/30 MP: 0/7
  1781 | D:2      | Reached skill level 1 in Fighting
  1832 | D:3      | Found a basalt altar of Yredelemnul.
  1832 | D:3      | Found a sacrificial altar of Ru.
  2074 | D:3      | Noticed an ogre
  2078 | D:3      | Killed an ogre
  2078 | D:3      | Reached XP level 5. HP: 36/40 MP: 8/8
  2265 | D:3      | Noticed Terence
  2270 | D:3      | Killed Terence
  2419 | D:3      | Your ally Terence died
  2683 | D:4      | Found Buos's Jewellery Shop.
  2691 | D:4      | Found Meocoar's Food Shoppe.
  2813 | D:4      | Got a bloodstained dagger
  2814 | D:4      | Identified the +2 dagger "Bedorphamu" {flame, rElec rF++ MR+ MP-9} (You found it on level 4 of the Dungeon)
  2831 | D:4      | Found an opulent altar of Gozag.
  2879 | D:4      | Found Oxkecoph's Armour Shoppe.
  3236 | D:4      | Reached XP level 6. HP: 41/47 MP: 2/9
  3457 | D:5      | Entered Level 5 of the Dungeon
  3515 | D:5      | Found a blossoming altar of Fedhas.
  3857 | D:5      | Learned a level 4 spell: Animate Dead
  4201 | D:5      | Noticed Blork the orc
  4209 | D:5      | Killed Blork the orc
  4209 | D:5      | Reached skill level 7 in Necromancy
  4209 | D:5      | Reached XP level 7. HP: 47/54 MP: 3/12
  4226 | D:5      | Learned a level 1 spell: Apportation
  4487 | D:5      | Found an iron altar of Okawaru.
  4898 | D:6      | Reached skill level 1 in Translocations
  4904 | D:6      | Noticed Eustachio
  4918 | D:6      | Killed Eustachio
  4918 | D:6      | Gained mutation: You sometimes gain a little power by taking damage. [demonic ancestry]
  4918 | D:6      | Reached XP level 8. HP: 33/61 MP: 1/14
  4951 | D:6      | Found a stormy altar of Qazlal.
  4966 | D:6      | Reached skill level 8 in Necromancy
  5014 | D:6      | Noticed magipi's ghost (novice DEBe)
  5041 | D:6      | Killed magipi's ghost
  5041 | D:6      | Reached skill level 5 in Fighting
  5628 | D:6      | Found a staircase to the Ecumenical Temple.
  5638 | Temple   | Entered the Ecumenical Temple
  5695 | Temple   | Became a worshipper of Kikubaaqudgha
  5900 | D:6      | Reached skill level 9 in Necromancy
  6009 | D:6      | Found a glowing golden altar of the Shining One.
  6056 | D:6      | Noticed Crazy Yiuf
  6061 | D:6      | Killed Crazy Yiuf
  6215 | D:7      | Reached XP level 9. HP: 38/69 MP: 9/15
  6456 | D:7      | Found a shimmering altar of Xom.
  6586 | D:7      | Found a sparkling altar of Nemelex Xobeh.
  6824 | D:7      | Reached skill level 1 in Charms
  6990 | D:8      | Got a steaming robe
  7001 | D:8      | Identified the cursed +0 robe of Curiosity {Dex+7} (You found it on level 8 of the Dungeon)
  7005 | D:8      | Found a staircase to the Lair.
  7006 | D:8      | Noticed a fire drake
  7096 | D:8      | Found a shattered altar of Ashenzari.
  7096 | D:8      | Found a stormy altar of Qazlal.
  7165 | D:8      | Reached * piety under Kikubaaqudgha
  7165 | D:8      | Received a gift from Kikubaaqudgha
  7166 | D:8      | Identified Kikubaaqudgha's Reference Book on Stolen Souls (Kikubaaqudgha gifted it to you on level 8 of the Dungeon)
  7170 | D:8      | Learned a level 2 spell: Sublimation of Blood
  7175 | D:8      | Learned a level 4 spell: Control Undead
  7239 | D:8      | Noticed Pikel
  7247 | D:8      | Killed Pikel
  7247 | D:8      | Reached skill level 5 in Dodging
  7368 | D:8      | Found a shadowy altar of Dithmenos.
  7404 | D:8      | Killed a fire drake
  7404 | D:8      | Reached skill level 10 in Necromancy
  7897 | D:8      | Found a radiant altar of Vehumet.
  8062 | D:9      | Reached skill level 1 in Shields
  8066 | D:9      | Gained mutation: You are mostly covered in thin metallic scales (AC +3). [mutagenic meat]
  8070 | D:9      | Gained mutation: You are resistant to hostile enchantments. [mutagenic meat]
  8105 | D:9      | Reached skill level 1 in Maces & Flails
  8218 | D:9      | Gained mutation: You sometimes gain power by taking damage. [demonic ancestry]
  8218 | D:9      | Reached XP level 10. HP: 54/77 MP: 16/16
  8337 | D:9      | Found a snail-covered altar of Cheibriados.
  8609 | D:9      | Found a bloodstained altar of Trog.
  8724 | D:9      | Found a sparkling altar of Nemelex Xobeh.
  8954 | D:10     | Entered Level 10 of the Dungeon
  8954 | D:10     | Noticed a hill giant
  8960 | D:10     | Killed a hill giant
  9528 | D:10     | Reached ** piety under Kikubaaqudgha
  9861 | D:10     | Gained mutation: You are agile. (Dex +2) [mutagenic meat]
  9862 | D:10     | Gained mutation: You are occasionally teleported next to monsters. [mutagenic meat]
  9863 | D:10     | Gained mutation: Your natural rate of healing is unusually fast. [mutagenic meat]
  9864 | D:10     | Gained mutation: You have a pair of small horns on your head. [mutagenic meat]
  9865 | D:10     | Gained mutation: You can translocate small distances at will. [mutagenic meat]
  9866 | D:10     | Lost mutation: You are mostly covered in thin metallic scales (AC +3). [mutagenic meat]
 10035 | D:10     | Reached skill level 5 in Shields
 10187 | D:11     | Found a sacrificial altar of Ru.
 10497 | D:11     | Noticed a white ugly thing
 10502 | D:11     | Killed a white ugly thing
 10509 | D:11     | Reached XP level 11. HP: 86/86 MP: 11/17
 10532 | D:11     | Gained mutation: Armour fits poorly on your strangely shaped body. [mutagenic meat]
 10533 | D:11     | Gained mutation: Your mind is acute. (Int +2) [mutagenic meat]
 10562 | D:11     | Found a staircase to the Orcish Mines.
 10759 | D:11     | Noticed a manticore
 10764 | D:11     | Killed a manticore
 10764 | D:11     | Reached *** piety under Kikubaaqudgha
 10764 | D:11     | Received a gift from Kikubaaqudgha
 10768 | D:11     | Identified Kikubaaqudgha's Disquisition on Sinister Magic (Kikubaaqudgha gifted it to you on level 11 of the Dungeon)
 10961 | Lair:1   | Entered Level 1 of the Lair of Beasts
 10982 | Lair:1   | Reached skill level 5 in Maces & Flails
 11123 | Lair:1   | Noticed Sonja
 11138 | Lair:1   | Killed Sonja
 11141 | Lair:1   | HP: 3/86 [wolf (11)]
 11353 | Lair:1   | Your ally Sonja died
 11742 | Lair:2   | Noticed a six-headed hydra
 11746 | Lair:2   | Killed a six-headed hydra
 12097 | Lair:2   | Reached skill level 5 in Spellcasting
 12921 | Lair:3   | Found a staircase to the Swamp.
 13065 | Lair:3   | Reached skill level 11 in Necromancy
 13420 | Lair:4   | Noticed a seven-headed hydra
 13428 | Lair:4   | Killed a seven-headed hydra
 13745 | Lair:4   | Reached **** piety under Kikubaaqudgha
 13822 | Lair:4   | Lost mutation: You have a pair of small horns on your head. [demonic ancestry]
 13822 | Lair:4   | Gained mutation: You have a pair of small antennae on your head. [demonic ancestry]
 13822 | Lair:4   | Reached XP level 12. HP: 85/94 MP: 20/20
 13876 | Lair:4   | Lost mutation: Your mind is acute. (Int +2) [potion of cure mutation]
 13876 | Lair:4   | Lost mutation: You are occasionally teleported next to monsters. [potion of cure mutation]
 13876 | Lair:4   | Lost mutation: Your natural rate of healing is unusually fast. [potion of cure mutation]
 13876 | Lair:4   | Lost mutation: You can translocate small distances at will. [potion of cure mutation]
 13968 | Lair:4   | Noticed an eight-headed hydra
 14027 | Lair:4   | Killed an eight-headed hydra
 14734 | Lair:4   | Reached skill level 1 in Armour
 14951 | Lair:5   | HP: 4/94 [steam dragon/ball of steam (9)]
 15120 | Lair:5   | Learned a level 6 spell: Death Channel
 15304 | Lair:5   | Noticed a four-headed hydra
 15309 | Lair:5   | Killed a four-headed hydra
 15320 | Lair:5   | Slain by a fire crab

Action                   |  1- 3 |  4- 6 |  7- 9 | 10-12 || total
-------------------------+-------+-------+-------+-------++-------
Melee: Unarmed           |    30 |     1 |       |       ||    31
       Dagger            |       |    59 |   342 |    42 ||   443
       Whip              |       |       |   117 |   747 ||   864
 Cast: Pain              |    61 |    77 |   100 |    51 ||   289
       Animate Skeleton  |    11 |    11 |    33 |    35 ||    90
       Animate Dead      |       |     1 |     7 |    26 ||    34
       Regeneration      |       |       |    15 |    37 ||    52
       Sublimation of Bl |       |       |     1 |     4 ||     5
Invok: Receive Corpses   |       |       |       |     6 ||     6
Evoke: Wand              |       |       |       |     5 ||     5
  Use: Scroll            |       |       |    15 |    10 ||    25
       Potion            |       |       |       |     7 ||     7
 Stab: Sleeping          |       |     1 |     7 |    13 ||    21
       Distracted        |       |       |     4 |    10 ||    14
  Eat: Chunk             |     2 |    10 |    22 |    40 ||    74
       Fruit             |       |       |       |     2 ||     2
       Royal jelly       |       |       |       |     1 ||     1

Vault maps used:
D:1:      minmay_arrival_four_houses, grunt_decor_cap
D:2:      first_bread, ecumenical_altar_1, grunt_ministairs_2, uniq_jessica
D:3:      gammafunk_temple_overflow_elements, uniq_terence
D:4:      serial_shops, shop, nicolae_shop_statue_plus, kennysheep_mini_moat,
          grunt_gozag_statues
D:5:      kennysheep_okawaru_gauntlet, fedhas_bush_and_centaur_altar,
          uniq_sigmund, uniq_blork_the_orc
D:6:      tso_altar, temple_green, basic_altar, eino_curves_02,
          uniq_crazy_yiuf_cottage, uniq_eustachio
D:7:      nicolae_overflow_crystal_walls, xom_confusion_cloud
D:8:      grunt_dithmenos_smoke, nicolae_overflow_hidden_temple,
          gammafunk_temple_overflow_wave, minmay_lair_entry_lava, basic_altar,
          uniq_pikel
D:9:      lemuel_round_altar, lemuel_coloured_pillars_altar,
          hangedman_pestilent_swarm, hangedman_decor_riveting, hex_large,
          nemelex_dance_club_becter
D:11:     david_orc_2, basic_altar, hex_medium
Temple:   minmay_temple_bridge_a_8
Lair:1:   grunt_forest_large_clearings, uniq_sonja
Lair:2:   statuecave_lemuel, serial_bayou_shore_b, infiniplex_staircase_pool_2,
          grunt_megastairs_3
Lair:3:   swamp_mist, nicolae_lair_grove_arrangements, minivault_11
Lair:4:   kennysheep_rathole, lemuel_fruit_tree
Lair:5:   dpeg_oklob_1, serial_bayou_shore_b, serial_bayou_shore_b
